 Dungeon Crawl Stone Soup version 0.29-a0-1047-g7c58e119a4 (webtiles) character file.

Game seed: 17880465404705744646

154 IdlyInterested the Cudgeller (level 5, -2/38 HPs)
             Began as a Demonspawn Gladiator on Aug 16, 2022.
             Slain by a human zombie (3 damage)
             ... in an ossuary.
             The game lasted 00:08:51 (3889 turns).

IdlyInterested the Cudgeller (Demonspawn Gladiator) Turns: 3889, Time: 00:08:52

Health: -2/38      AC: 18    Str: 17    XL:     5   Next: 13%
Magic:  5/5        EV:  8    Int:  9    God:
Gold:   1059       SH:  0    Dex: 14    Spells: 4/4 levels left

rFire   . . .      SeeInvis .   a - +1 flail (protect)
rCold   . . .      Faith    .   (no shield)
rNeg    . . .      Spirit   .   g - +0 chain mail
rPois   +          Reflect  .   c - +0 helmet
rElec   .          Harm     .   (no cloak)
rCorr   .          Rampage  .   o - +0 pair of gloves
Will    .....                   (no boots)
Stlth   ..........              (no amulet)
HPRegen 0.12/turn               l - ring of poison resistance
MPRegen 0.09/turn               t - ring of wizardry

@: mighty, marked, under a protective aura, hasted, invisible, very quick
A: sharp scales 1, demonic magic 1, demonic touch 1
a: no special abilities


You were in an ossuary.
You visited 1 branch of the dungeon, and saw 4 of its levels.
You also visited: Ossuary.

You collected 1059 gold pieces.

Inventory:

Hand Weapons
 a - a +1 flail of protection (weapon)
Missiles
 d - 3 throwing nets (quivered)
 e - a javelin
Armour
 c - a +0 helmet (worn)
 g - a +0 chain mail (worn)
 m - a +1 ring mail
 o - a +0 pair of gloves (worn)
Magical Staves
 b - a staff of earth
 r - a staff of air
Jewellery
 l - a ring of poison resistance (left hand)
 t - a ring of wizardry (right hand)
Scrolls
 p - a scroll of fear
 v - 2 scrolls of identify
Potions
 f - 2 potions of magic
 h - 2 potions of invisibility
 i - a potion of might
 j - a potion of resistance {unknown}
 n - a potion of ambrosia {unknown}
 q - a potion of cancellation {unknown}
 s - 3 potions of curing
 u - a potion of heal wounds {unknown}
 w - a potion of mutation {unknown}


   Skills:
 - Level 2.0 Fighting
 * Level 4.6 Maces & Flails
 - Level 1.7 Throwing
 + Level 3.7 Dodging


You had 4 spell levels left.
You didn't know any spells.
Your spell library contained the following spells:

 Spells                   Type           Power      Damage    Failure   Level
 Freeze                   Ice            0%         1d3       95%         1
 Conjure Flame            Conj/Fire      0%         6-21      100%        3
 Frozen Ramparts          Ice            0%         1d1       100%        3
 Ignite Poison            Fire/Tmut/Pois 0%         N/A       100%        3
 Hailstorm                Conj/Ice       0%         3d3       100%        4
 Sticky Flame             Conj/Fire      0%         2d3       100%        4


Dungeon Overview and Level Annotations

Branches:
Dungeon (4/15)             Temple (0/1) D:4         Ossuary (1/1)

Altars:
Fedhas
Gozag
Makhleb
Qazlal


Innate Abilities, Weirdness & Mutations

You are partially covered in razor-sharp scales. (AC +1, Slay +1)
Spells you cast may paralyse adjacent enemies.
Your touch may inflict minor irresistible damage on your foes.


Message History

The mummy hits you.
You hit the elf zombie. Your touch misses the elf zombie.
The elf zombie is moderately damaged.
The elf zombie closely misses you.
The human zombie hits you but does no damage.
You hit the elf zombie.
The elf zombie is moderately damaged.
The elf zombie closely misses you. The mummy hits you but does no damage.
The human zombie hits you but does no damage.
The mummy hits you.
* * * LOW HITPOINT WARNING * * *
Unknown command.
Okay, then.
You fade into invisibility!
The elf zombie hits you but does no damage.
The mummy hits you but does no damage.
The human zombie hits you but does no damage.
You feel very mighty all of a sudden.
The elf zombie hits you but does no damage.
The mummy barely misses you.
You feel yourself speed up. The human zombie hits you.
* * * LOW HITPOINT WARNING * * *
The mummy hits you.
* * * LOW HITPOINT WARNING * * *
The elf zombie barely misses you.
You thump the elf zombie!
You touch the elf zombie!
The elf zombie is severely damaged.
The mummy closely misses you. The human zombie barely misses you.
You strike the helpless elf zombie from behind!
You sock the elf zombie!
You touch the elf zombie!
The elf zombie is almost destroyed.
The elf zombie hits you.
* * * LOW HITPOINT WARNING * * *
The mummy barely misses you.
The kobold zombie sets off the alarm!
The alarm trap emits a blaring wail!
The mark upon you grows brighter.
You thump the elf zombie!
You destroy the elf zombie!
The human zombie hits you.
You die...

#....................#
#....................#
#........8..8........#
#....................#
#...######.^######...#
#...# #.^# #...# #...#
#.^# #...#
#...#.####ZZ####Z#...#
#...#.....ZM@.ZZZ#...#
#...#.....ZM####.#...#
#...#.....ZZ# #...#
#...#......Z# #...#
#...#.....∩.# #...#
#...####'.... #...#
#...# .#...# #...#
#...# ..#... #...#
#...##############...#


You could see 2 mummies, a goblin zombie (unable to see you), 2 hobgoblin
zombies, 4 kobold zombies, an elf zombie (unable to see you), a centaur zombie
(unable to see you) and 2 human zombies.

Vanquished Creatures
  An elf zombie (Ossuary)
  An orc priest (D:3)
  3 adders (D:2)
  An adder zombie (Ossuary)
  2 worms (D:2)
  2 dart slugs (D:2)
  5 orcs
  2 bats (D:2)
  3 endoplasms (D:2)
  5 giant cockroaches
  3 goblins
  3 hobgoblins
  10 jackals
  6 kobolds
  7 ball pythons
  3 frilled lizards (D:1)
  7 hobgoblin zombies (Ossuary)
  5 kobold zombies (Ossuary)
  8 orc zombies (Ossuary)
  2 rats
  4 rat zombies (Ossuary)
83 creatures vanquished.

Notes
Turn   | Place    | Note
-------+----------+-------------------------------------------
     0 | D:1      | IdlyInterested the Demonspawn Gladiator began the quest for
                  | the Orb.
     0 | D:1      | Reached XP level 1. HP: 16/16 MP: 1/1
   343 | D:1      | Reached skill level 3 in Maces & Flails
   383 | D:1      | Gained mutation: You are partially covered in razor-sharp
                  | scales. (AC +1, Slay +1) [demonic ancestry]
   383 | D:1      | Reached XP level 2. HP: 21/22 MP: 2/2
  1336 | D:2      | Reached XP level 3. HP: 25/27 MP: 3/3
  1653 | D:2      | Found a faded altar of an unknown god.
  1766 | D:2      | Reached skill level 4 in Maces & Flails
  1923 | D:2      | Gained mutation: Your touch may inflict minor irresistible
                  | damage on your foes. [demonic ancestry]
  1923 | D:2      | Reached XP level 4. HP: 33/33 MP: 4/4
  2340 | D:3      | Found a blossoming altar of Fedhas.
  2389 | D:3      | Found an opulent altar of Gozag.
  3017 | D:3      | Found a burning altar of Makhleb.
  3490 | D:3      | Identified a scroll of acquirement
  3490 | D:3      | Acquired 900 gold pieces
  3681 | D:4      | Found a staircase to the Ecumenical Temple.
  3709 | D:4      | Found a stormy altar of Qazlal.
  3743 | D:4      | Found a sand-covered staircase.
  3753 | Ossuary  | Entered an ossuary
  3788 | Ossuary  | Gained mutation: Spells you cast may paralyse adjacent
                  | enemies. [demonic ancestry]
  3788 | Ossuary  | Reached XP level 5. HP: 37/38 MP: 5/5
  3888 | Ossuary  | HP: 1/38 [elf zombie (2)]
  3889 | Ossuary  | Slain by a human zombie

Illustrated notes

Levels and vault maps discovered:
D:1:      elethiomel_arrival_quiet, layout_basic, serial_aquarium,
          aquarium_bridge_square [aquarium_subvault_balcony,
          aquarium_subvault_bridge, aquarium_subvault_wall,
          aquarium_subvault_bridge], aquarium_bridge_square
          [aquarium_subvault_bridge, aquarium_subvault_wall,
          aquarium_subvault_window, aquarium_subvault_bridge],
          aquarium_window_corridor_1, aquarium_window_1, aquarium_view_2e,
          aquarium_balcony_3a
D:2:      layout_loops_ring, shapermc_ecumenical_altar_venn
D:3:      layout_basic, mainiacjoe_overflow_chevrons, grunt_gozag_breadcrumbs,
          fedhas_altar_fruit_tree, nicolae_elevator_lobby_asterisk
D:4:      layout_loops_ring, lemuel_crystal_altar,
          minmay_temple_entry_stoned_glass, serial_shops,
          nicolae_lakefront_shop, chequers_ossuary_entry_cave
Ossuary:  ossuary_tomb_1

Skill      XL: |  1  2  3 |
---------------+----------+-----
Maces & Flails | 3 4 |  4.6
Dodging        | 3 |  3.7
Fighting       | |  2.0
Throwing       | |  1.7

Action                   |  1- 3 |  4- 6 || total
-------------------------+-------+-------++-------
Melee: Flail             |   122 |    91 ||   213
       Touch             |       |    18 ||    18
  Use: Scroll            |     6 |     6 ||    12
       Potion            |     1 |     5 ||     6
 Stab: Sleeping          |     1 |       ||     1
       Invisible         |     2 |     1 ||     3
Armor: Leather armour    |     9 |       ||     9
       Ring mail         |    49 |    12 ||    61
       Chain mail        |       |    56 ||    56
Dodge: Dodged            |    93 |    56 ||   149

Table legend: (Time is in decaauts)
 A = Elapsed time spent in this place.
 B = Non-inter-level travel time spent in this place.
 C = Inter-level travel time spent in this place.
 D = Time resting spent in this place.
 E = Time spent auto-exploring this place.
 F = Levels seen in this place.
 G = Mean time per level.
                   A        B        C        D        E       F      G
               +--------+--------+--------+--------+--------+-----+--------+
         Total |   3931 |   3489 |    442 |    553 |   2182 |   5 |  786.2 |
       Dungeon |   3786 |   3344 |    442 |    553 |   2182 |   4 |  946.5 |
       Ossuary |    145 |    145 |      0 |      0 |      0 |   1 |  145.0 |
               +--------+--------+--------+--------+--------+-----+--------+

Top non-repeatable levels by time:
     D:1: 1435 daAuts
     D:3: 1361 daAuts
     D:2: 910 daAuts
 Ossuary: 145 daAuts
     D:4: 78 daAuts
